 Dungeon Crawl Stone Soup version 0.21-a0-351-g38363bb (webtiles) character file.

438 Dfrag the Firebug (level 6, -5/41 HPs)
             Began as a Demonspawn Fire Elementalist on Oct 10, 2017.
             Was a Follower of Vehumet.
             Slain by a two-headed ogre
             ... wielding a +0 giant club
              (7 damage)
             ... on level 4 of the Dungeon.
             The game lasted 00:04:39 (2354 turns).

Dfrag the Firebug (Demonspawn Fire Elementalist)    Turns: 2354, Time: 00:04:39

Health: -5/41      AC:  7    Str:  8    XL:     6   Next: 69%
Magic:  12/12      EV: 12    Int: 18    God:    Vehumet [*.....]
Gold:   176        SH:  0    Dex: 14    Spells: 5/13 levels left

rFire    + . .     SeeInvis .   o - +1 whip (venom)
rCold    . . .     Gourm    .   (no shield)
rNeg     . . .     Faith    .   w - +2 robe {rF+}
rPois    .         Spirit   .   (helmet restricted)
rElec    .         Reflect  .   (no cloak)
rCorr    .         Harm     .   i - +0 pair of gloves
MR       .....                  (no boots)
Stlth    ++........             (no amulet)
HPRegen  0.13/turn              s - ring of flight
MPRegen  0.13/turn              (no ring)

@: no status effects
A: horns 2, iridescent scales 1
a: Renounce Religion, Evoke Flight


You were on level 4 of the Dungeon.
You worshipped Vehumet.
Vehumet was aware of your devotion.
You were not hungry.

You visited 1 branch of the dungeon, and saw 4 of its levels.

You collected 176 gold pieces.

Inventory:

Hand Weapons
 o - a +1 whip of venom (weapon)
Armour
 a - a +0 robe
 i - a +0 pair of gloves (worn)
 w - a +2 robe of fire resistance (worn)
Jewellery
 s - a ring of flight (left hand)
Scrolls
 d - a scroll of blinking {unknown}
 e - a scroll of remove curse {unknown}
 g - 3 scrolls of recharging {unknown}
 h - 5 scrolls of identify {unknown}
 m - 2 scrolls of teleportation {unknown}
 n - 2 scrolls of enchant armour {unknown}
 p - a scroll of random uselessness {unknown}
 q - a scroll of fear {unknown}
 v - a scroll of fog {unknown}
 y - a scroll of magic mapping {unknown}
Potions
 j - 3 potions of agility {unknown}
 k - a potion of brilliance {unknown}
 l - a potion of curing {unknown}
 r - 2 potions of flight {unknown}
 t - a potion of mutation {unknown}
 x - a potion of lignification {unknown}
Books
 b - a book of Flames

   Spells                             Type                      Level
   a - Flame Tongue                   Conjuration/Fire             1
   b - Throw Flame                    Conjuration/Fire             2
   c - Conjure Flame                  Conjuration/Fire             3
   d - Inner Flame                    Hexes/Fire                   3
   e - Sticky Flame                   Conjuration/Fire             4
   f - Fireball                       Conjuration/Fire             5
Comestibles
 c - a bread ration
 f - 3 meat rations


   Skills:
 - Level 1.7 Dodging
 - Level 1.7 Stealth
 + Level 4.1 Spellcasting
 + Level 4.0 Conjurations
 + Level 4.5 Fire Magic


You had 5 spell levels left.
You knew the following spells:

 Your Spells              Type           Power        Failure   Level  Hunger
a - Flame Tongue          Conj/Fire      ###..        2%          1    None
b - Conjure Flame         Conj/Fire      ###.....     8%          3    ###....
c - Sticky Flame          Conj/Fire      ###.....     24%         4    ####...


Dungeon Overview and Level Annotations

Branches:
Dungeon (4/15)
 Temple: D:4-7

Altars:
Ashenzari
Dithmenos
Nemelex Xobeh
Uskayaw
Vehumet

Annotations:
D:4 TheHza's ghost, novice HaAK


Innate Abilities, Weirdness & Mutations

You have a pair of horns on your head.
You are partially covered in iridescent scales. (AC +2)


Message History

You can't see any susceptible monsters within range! (Use Z to cast anyway.) Unknown command.
Casting: Flame Tongue
Confirm with . or Enter, or press ? or * to list all spells.
You can't see any susceptible monsters within range! (Use Z to cast anyway.)
There is a stone staircase leading down here.
You start resting.
HP restored.
There is a stone staircase leading down here.
You start resting.
Magic restored.
You climb downwards.
Level annotation: TheHza's ghost, novice HaAK The two-headed ogre hits you with a giant club!!
Ouch! That really hurt!
The two-headed ogre closely misses you.
There is a stone staircase leading up, spattered with blood here.
The two-headed ogre hits you with a giant club!
* * * LOW HITPOINT WARNING * * *
The two-headed ogre hits you with a giant spiked club!
You die...

#..###.#.######..#...###.
#........................
##..###.#.######..........
...........#####..#...####
##...##.#.................
##...##.#.######..##..####
.........................
##.<.##.#.#####O..##...#.
#.#W##.........@.........
#.#O##..................
#..............#..#.....
#.#<##.#######.#..#...#.
...#.##... ...........
.#.#.##.### ##.#..... ..
##....... ...........
#.##.# #......... ####.#
#.#......#


You could see a two-headed ogre.

Vanquished Creatures
  A phantom (D:3)
  A jelly (D:2)
  An orc priest (D:4)
  A hound (D:4)
  3 orc wizards
  Robin (D:2)
  8 adders
  A dart slug (D:1)
  2 leopard geckos
  11 orcs
  6 bats
  2 giant cockroaches
  12 goblins
  10 hobgoblins
  2 jackals (D:2)
  7 kobolds
  A quokka (D:3)
  A ball python (D:1)
  4 frilled lizards
  5 rats
80 creatures vanquished.

Notes
Turn   | Place    | Note
-------+----------+-------------------------------------------
     0 | D:1      | Dfrag the Demonspawn Fire Elementalist began the quest for the Orb.
     0 | D:1      | Reached XP level 1. HP: 13/13 MP: 3/3
   135 | D:1      | Gained mutation: You have a pair of small horns on your head. [demonic ancestry]
   135 | D:1      | Reached XP level 2. HP: 16/19 MP: 0/5
   718 | D:2      | Gained mutation: You have a pair of horns on your head. [demonic ancestry]
   718 | D:2      | Reached XP level 3. HP: 18/24 MP: 2/7
   826 | D:2      | Reached XP level 4. HP: 29/30 MP: 3/8
  1068 | D:2      | Noticed Robin
  1112 | D:2      | Killed Robin
  1260 | D:3      | Noticed a hand axe
  1269 | D:3      | Reached XP level 5. HP: 20/35 MP: 5/9
  1285 | D:3      | Found a radiant altar of Vehumet.
  1286 | D:3      | Found a shadowy altar of Dithmenos.
  1286 | D:3      | Found a shattered altar of Ashenzari.
  1298 | D:3      | Became a worshipper of Vehumet
  1486 | D:3      | Learned a level 3 spell: Conjure Flame
  1491 | D:3      | Learned a level 4 spell: Sticky Flame
  1656 | D:3      | Found a hide-covered altar of Uskayaw.
  1656 | D:3      | Noticed a hand axe
  1877 | D:3      | Found a sparkling altar of Nemelex Xobeh.
  1944 | D:4      | Gained mutation: You are partially covered in iridescent scales. (AC +2) [demonic ancestry]
  1944 | D:4      | Reached XP level 6. HP: 40/41 MP: 6/11
  2061 | D:4      | Reached * piety under Vehumet
  2061 | D:4      | Offered knowledge of Sandblast by Vehumet.
  2069 | D:4      | Noticed a two-headed ogre
  2094 | D:4      | Noticed TheHza's ghost (novice HaAK)
  2354 | D:4      | HP: 2/41 [two-headed ogre/giant club (14)]
  2354 | D:4      | Slain by a two-headed ogre

Vault maps used:
D:1:      lightli_arrival_boilingwater
D:2:      uniq_robin
D:3:      grunt_temple_overflow_open, dancing_weapons_uskayaw,
          nemelex_lonely_heart_becter
D:4:      kennysheep_little_box

Skill      XL: |  1  2  3  4  5  6 |
---------------+-------------------+-----
Fire Magic     | 3 4 |  4.5
Conjurations   | 2 3 4 |  4.0
Spellcasting   | 3 4 |  4.1
Dodging        | |  1.7
Stealth        | |  1.7

Action                   |  1- 3 |  4- 6 || total
-------------------------+-------+-------++-------
Melee: Unarmed           |     9 |       ||     9
       Whip              |     4 |    91 ||    95
       Headbutt          |       |     4 ||     4
 Cast: Flame Tongue      |    35 |    86 ||   121
 Stab: Distracted        |       |     1 ||     1
       Sleeping          |       |     1 ||     1
  Eat: Chunk             |       |     5 ||     5
Armor: Robe              |     1 |    26 ||    27
Dodge: Dodged            |    15 |    97 ||   112

Table legend:
 A = Spawn XP
 B = Non-spawn XP
 C = Spawn XP percentage of total XP
 D = Spawn monster count
 E = Non-spawn monster count
 F = Spawn count percentage of total count
 G = Total turns spent on level
                    A         B        C        D         E        F      G
               +---------+---------+-------+---------+---------+-------+---------
         Total |       0 |     627 |   0.0 |       0 |      80 |   0.0 |  2354
               +---------+---------+-------+---------+---------+-------+---------
           D:1 |       0 |      21 |   0.0 |       0 |      12 |   0.0 |   629
           D:2 |       0 |     158 |   0.0 |       0 |      33 |   0.0 |   622
           D:3 |       0 |     302 |   0.0 |       0 |      27 |   0.0 |   865
           D:4 |       0 |     146 |   0.0 |       0 |       8 |   0.0 |   238
               +---------+---------+-------+---------+---------+-------+---------
